 Dungeon Crawl Stone Soup version 0.29-a0-830-gcb1280458a (webtiles) character file.

Game seed: 10749920053833952686

2 jlumianski the Trooper (level 1, -2/18 HPs)
             Began as a Demonspawn Fighter on July 11, 2022.
             Succumbed to a kobold's poison
             ... on level 1 of the Dungeon.
             The game lasted 00:01:03 (153 turns).

jlumianski the Trooper (Demonspawn Fighter)          Turns: 153, Time: 00:01:03

Health: -2/18      AC:  6    Str: 16    XL:     1   Next: 33%
Magic:  1/1        EV:  8    Int:  9    God:
Gold:   8          SH:  4    Dex: 12    Spells: 0/0 levels left

rFire   . . .      SeeInvis .   a - +0 war axe
rCold   . . .      Faith    .   c - +0 buckler
rNeg    . . .      Spirit   .   b - +0 scale mail
rPois   .          Reflect  .   (no helmet)
rElec   .          Harm     .   (no cloak)
rCorr   .          Rampage  .   (no gloves)
Will    .....                   (no boots)
Stlth   ..........              (no amulet)
HPRegen 0.06/turn               (no ring)
MPRegen 0.07/turn               (no ring)

@: lethally poisoned (-2 -> -22)
A: no striking features
a: no special abilities


You were on level 1 of the Dungeon.
You visited 1 branch of the dungeon, and saw 1 of its levels.

You collected 8 gold pieces.

Inventory:

Hand Weapons
 a - a +0 war axe (weapon)
Armour
 b - a +0 scale mail (worn)
 c - a +0 buckler (worn)
Scrolls
 f - a scroll of amnesia {unknown}
Potions
 d - a potion of might
 e - a potion of berserk rage {unknown}
 g - a potion of degeneration {unknown}


   Skills:
 + Level 3.0 Fighting
 + Level 1.7 Axes
 + Level 2.7 Armour
 + Level 2.8 Shields


You couldn't memorise any spells.
You didn't know any spells.
Your spell library contained the following spells:

 Spells                   Type           Power      Damage    Failure   Level
 Gell's Gravitas          Tloc           0%         N/A       99%         3
 Lesser Beckoning         Tloc           0%         N/A       99%         3
 Teleport Other           Tloc           0%         N/A       99%         3


Dungeon Overview and Level Annotations

Branches:
Dungeon (1/15)

Altars:


Message History

You pick up a book of Displacement and begin reading...
You add the spells Lesser Beckoning, Gell's Gravitas and Teleport Other to your library.
g - a red potion A bat comes into view.
Found 8 gold pieces.
The bat closely misses you. The bat barely misses you. The bat hits you.
The bat hits you but does no damage.
You barely miss the bat. The bat hits you but does no damage.
You barely miss the bat. The bat hits you. The bat closely misses you.
You block the bat's attack.
You hit the bat but do no damage. The bat barely misses you.
The bat hits you but does no damage. The bat barely misses you.
The bat hits you but does no damage. The bat closely misses you.
The bat hits you but does no damage.
You slash the bat!
You kill the bat!
You now have 8 gold pieces.
You see here a bat corpse.
A kobold comes into view.
It is wielding a +2 short sword of venom.
The kobold hits you with a +2 short sword of venom.
You are poisoned.
You feel very sick.
You feel sick.
The kobold throws a stone.
The stone hits you but does no damage.
A ball python comes into view.
You feel sick.
The ball python hisses angrily.
You feel sick. The kobold hits you but does no damage.
You are lethally poisoned!
You closely miss the kobold.
* * * LOW HITPOINT WARNING * * *
You feel very sick. The kobold hits you but does no damage.
You are more poisoned.
You slash the kobold!
You kill the kobold!
You die...

##.......# #.#
#####.### #.# #.#
#.####### #.#
#.......###
#.#####..........
#.†.......#
#######.#.# #.#)#
#.#@# #.#.# #.#.#
#.#.# #.#S# #.#
#.# #.# ...


You could see a ball python.

Vanquished Creatures
  A goblin (D:1)
  A kobold (D:1)
  A bat (D:1)
  A frilled lizard (D:1)
4 creatures vanquished.

Notes
Turn   | Place    | Note
-------+----------+-------------------------------------------
     0 | D:1      | jlumianski the Demonspawn Fighter began the quest for the
                  | Orb.
     0 | D:1      | Reached XP level 1. HP: 18/18 MP: 1/1
   100 | D:1      | Found a faded altar of an unknown god.
   153 | D:1      | Succumbed to a kobold's poison

Illustrated notes

Levels and vault maps discovered:
D:1:      dpeg_arrival_chambers_temple_mockup, layout_loops_ring,
          dreamdust_ecumenical_altar_grove, hangedman_decor_peaks_small

Action                   || total
-------------------------++-------
Melee: War axe           ||    11
Armor: Scale mail        ||    12
Dodge: Dodged            ||     7
Block: Buckler           ||     1

Table legend: (Time is in decaauts)
 A = Elapsed time spent in this place.
 B = Non-inter-level travel time spent in this place.
 C = Inter-level travel time spent in this place.
 D = Time resting spent in this place.
 E = Time spent auto-exploring this place.
 F = Levels seen in this place.
 G = Mean time per level.
                   A        B        C        D        E       F      G
               +--------+--------+--------+--------+--------+-----+--------+
         Total |    157 |    157 |      0 |      0 |     70 |   1 |  157.0 |
       Dungeon |    157 |    157 |      0 |      0 |     70 |   1 |  157.0 |
               +--------+--------+--------+--------+--------+-----+--------+

Top non-repeatable levels by time:
     D:1: 157 daAuts
